 Dungeon Crawl Stone Soup version 0.29.1-12-g30fa7ad0bf (webtiles) character file.

Game seed: 7918560053675314812

47221 LustLizard the Marksspriggan (level 14, -19/72 (79) HPs)
             Began as a Spriggan Hunter on Dec 26, 2022.
             Was an Elder of Dithmenos.
             Killed from afar by an eidolon (49 damage)
             ... with a bolt of negative energy
             ... on level 2 of the Abyss.
             The game lasted 00:44:54 (18892 turns).

LustLizard the Marksspriggan (Spriggan Hunter)     Turns: 18892, Time: 00:44:55

HP:   -19/72 (79)   AC:  5    Str:  6 (7)  XL:     14   Next: 7%
MP:   0/20          EV: 28    Int: 10      God:    Dithmenos [****..]
Gold: 1375          SH:  0    Dex: 24      Spells: 15/17 levels left

rFire   . . .      SeeInvis +   S - +6 arbalest "Huqasch" {venom, Dex+2}
rCold   . . .      Faith    .   (shield currently unavailable)
rNeg    . . .      Spirit   +   c - +0 troll leather armour
rPois   +          Reflect  .   (helmet restricted)
rElec   .          Harm     .   N - +0 cloak
rCorr   +          Rampage  .   (gloves unavailable)
Will    ++...                   (boots unavailable)
Stlth   +++++.....              j - amulet of guardian spirit
HPRegen 1.02/turn               H - ring of poison resistance
MPRegen 0.17/turn               l - ring of resist corrosion

@: slowed, wreathed by umbra, drained, quick
A: very small, no large weapons, unfitting armour, see invisible, speed 3,
clumsy 1
a: Renounce Religion, Shadow Step


You were on level 2 of the Abyss.
You worshipped Dithmenos.
Dithmenos was greatly pleased with you.
You visited 3 branches of the dungeon, and saw 17 of its levels.
You visited the Abyss 1 time.
You also visited: Sewer and Bailey.

You collected 1375 gold pieces.

Inventory:

Hand Weapons
 a - a +0 shortbow
 S - the +6 arbalest "Huqasch" (weapon) {venom, Dex+2}
   (You found it on level 11 of the Dungeon)

   Any ammunition fired from it poisons the flesh of those it strikes.
   Dex:       It affects your dexterity (+2).
Missiles
 z - 2 throwing nets
Armour
 c - a +0 troll leather armour (worn)
 N - a +0 cloak (worn)
 R - a +2 robe of cold resistance
 T - a +2 robe of fire resistance
Jewellery
 e - a ring of wizardry
 j - an amulet of guardian spirit (around neck)
 l - a ring of resist corrosion (right hand)
 y - a ring of willpower
 G - a ring of wizardry
 H - a ring of poison resistance (left hand)
 I - a +6 ring of strength
 M - a ring of fire
Wands
 t - a wand of flame (33)
 u - a wand of paralysis (6)
 F - a wand of polymorph (17)
 J - a wand of digging (8)
 P - a wand of mindburst (3)
 W - a wand of iceblast (7)
Scrolls
 b - 3 scrolls of immolation
 f - 3 scrolls of amnesia
 g - 4 scrolls of poison
 k - 2 scrolls of blinking
 n - 4 scrolls of teleportation
 p - 2 scrolls of enchant weapon
 v - 2 scrolls of fear
 w - a scroll of silence
 A - 6 scrolls of enchant armour
 B - 5 scrolls of noise
 C - 2 scrolls of magic mapping {unknown}
 K - 2 scrolls of acquirement {unknown}
 L - a scroll of fog
 Q - a scroll of vulnerability
 U - a scroll of summoning
 V - 2 scrolls of brand weapon {unknown}
Potions
 d - a potion of heal wounds
 h - 4 potions of flight
 i - 3 potions of ambrosia
 m - 15 potions of curing
 o - 2 potions of magic
 q - a potion of invisibility
 r - 3 potions of might
 s - 4 potions of haste
 x - 4 potions of cancellation
 D - 2 potions of mutation
 E - 3 potions of brilliance
 O - 2 potions of lignification


   Skills:
 + Level 11.9 Fighting
 * Level 18.4 Ranged Weapons
 - Level 12.9 Dodging
 + Level 5.3 Stealth
 - Level 2.0 Spellcasting
 - Level 3.0 Translocations
 - Level 7.9 Invocations


You had 15 spell levels left.
You knew the following spells:

 Your Spells              Type           Power      Damage    Failure   Level
a - Blink                 Tloc           14%        N/A       22%         2

Your spell library contained the following spells:

 Spells                   Type           Power      Damage    Failure   Level
 Apportation              Tloc           14%        N/A       14%         1
 Necrotise                Necr           4%         1d4       43%         1
 Sandblast                Erth           2%         2d4       43%         1
 Summon Small Mammal      Summ           4%         N/A       43%         1
 Ensorcelled Hibernation  Hex/Ice        2%         N/A       58%         2
 Passwall                 Tmut/Erth      0%         N/A       58%         2
 Call Canine Familiar     Summ           1%         N/A       82%         3
 Spider Form              Tmut/Pois      1%         N/A       82%         3
 Stone Arrow              Conj/Erth      2%         3d7       82%         3
 Summon Guardian Golem    Hex/Summ       1%         N/A       82%         3
 Manifold Assault         Tloc           7%         N/A       98%         5
 Anguish                  Hex/Necr       0%         N/A       99%         4
 Animate Dead             Necr           1%         N/A       99%         4
 Leda's Liquefaction      Hex/Erth       0%         N/A       99%         4
 Summon Lightning Spire   Summ/Air       1%         N/A       99%         4
 Lee's Rapid Deconstruct  Erth           0%         3d5*      100%        5
 Statue Form              Tmut/Erth      0%         N/A       100%        6
 Haunt                    Necr/Summ      0%         N/A       100%        7
 Orb of Destruction       Conj           0%         9d5       100%        7
 Spellforged Servitor     Conj/Summ      0%         N/A       100%        7
 Storm Form               Tmut/Air       0%         N/A       100%        7
 Infestation              Necr           0%         N/A       100%        8
 Maxwell's Capacitive Co  Air            0%         ∞         100%        8


Dungeon Overview and Level Annotations

Branches:
Dungeon (15/15)            Temple (1/1) D:5            Lair (1/5) D:8
    Orc (0/2) D:11         Vaults (0/5) D:13         Depths (0/4) D:15
  Sewer (visited)          Bailey (visited)

Altars:
Ashenzari
Cheibriados
Dithmenos
Elyvilon
Fedhas
Gozag
Hepliaklqana
Kikubaaqudgha
Makhleb
Nemelex Xobeh
Okawaru
Qazlal
Ru
Sif Muna
Trog
Uskayaw
Vehumet
Wu Jian
Xom
Yredelemnul
Zin
The Shining One

Shops:
D:14 =

Portals:
Trove: D:10 (show slimy rune of Zot)

Annotations:
D:3 2 transporters
D:9 1 runed translucent door, sigtrap's ghost, novice MiBe
D:15 1 runed translucent door, Louise


Innate Abilities, Weirdness & Mutations

You are very small and have problems with some larger weapons.
You are too small for most types of armour.
You have supernaturally acute eyesight. (SInv)
You cover ground extremely quickly. (Speed+++)
You are clumsy. (Dex -2)


Message History

A starcursed mass splits.
A chorus of shrieks assaults your mind.
Fire: S) +6 arbalest "Huqasch" {venom, Dex+2}
Press: ? - help, Q - select action, (/) - cycle Shift-Dir - straight line, f/p - starcursed mass
Aim: a starcursed mass (severely damaged, umbra, 98% to hit)
You shoot a bolt.
The bolt hits the starcursed mass but does no damage.
The starcursed mass is severely damaged.
Your shadow shoots a bolt.
The bolt hits the starcursed mass.
The starcursed mass shudders and is absorbed by its neighbour.
A starcursed mass splits.
Fire: S) +6 arbalest "Huqasch" {venom, Dex+2}
Press: ? - help, Q - select action, (/) - cycle Shift-Dir - straight line, f/p - starcursed mass
Aim: a starcursed mass (severely damaged, umbra, 98% to hit)
You shoot a bolt. The bolt hits the starcursed mass!
The starcursed mass is almost destroyed.
The starcursed mass shudders and is absorbed by its neighbour.
A starcursed mass splits.
The eidolon hits you!! The eidolon drains your vigour!
You feel yourself slow down. The eidolon misses you.
Fire: S) +6 arbalest "Huqasch" {venom, Dex+2}
Press: ? - help, Q - select action, (/) - cycle Shift-Dir - straight line, f - eidolon
Aim: an eidolon (umbra, 76% to hit)
You shoot a bolt. The bolt barely misses the eidolon.
The bolt hits the starcursed mass!!
You destroy the starcursed mass!
Dithmenos accepts your kill.
A starcursed mass splits.
The eidolon hits you! The eidolon drains your vigour!
You feel as though you will be slow longer.
The eidolon hits you!
You feel weakened.
A tentacled starspawn comes into view.
The starcursed mass shrieks in your mind.
The eidolon hits you! The eidolon barely misses you.
There is an open door, spattered with blood here.
The eidolon stares piercingly at you. The bolt of negative energy hits you!!!
You feel drained.
Ouch! That really hurt!
You die...

# ... # ...## .... .
.. . #... ... . #...
###### ..# .. ...
#....###. #
...###'###..........
.........#@.........
###.....x'........
..'.....W#..........#
..#.....X###########
#.....X.. ###'###.X..
... X##... ....
...... ... ....#.


You could see a starcursed mass, an eidolon and a small abomination.

Vanquished Creatures
  A black draconian (Abyss:2)
  A lorocyproca (Abyss:2)
  Josephine (D:12)
  Erolcha (D:12)
  A rakshasa (Abyss:2)
  4 vault guards (D:13)
  2 boulder beetles
  2 hydras
  3 two-headed ogres
  5 centaur warriors
  2 tengu warriors
  2 thrashing horrors (Abyss:2)
  A skeletal warrior (D:15)
  A starcursed mass (Abyss:2)
  Lodul (D:12)
  A death drake (Abyss:2)
  Pikel (D:8)
  3 deep elf pyromancers
  A phantasmal warrior (D:15)
  2 necromancers
  3 ugly things
  An orc knight (D:15)
  6 cyclopes
  A large abomination (Abyss:2)
  3 manticores
  Joseph (D:10)
  A gargoyle (D:13)
  2 kobold demonologists (D:12)
  2 efreet
  A komodo dragon (D:13)
  An ancient zyme (Abyss:2)
  3 tengu conjurers
  3 trolls
  3 meliai (D:15)
  A wolf spider simulacrum (D:15)
  A hornet (shapeshifter) (D:13)
  Prince Ribbit (D:5)
  Sigmund (D:3)
  9 slime creatures
  8 wraiths
  A vampire (D:11)
  2 shadows
  20 yaks
  A ynoxinul (Abyss:2)
  7 humans (D:13)
  A neqoxec (Abyss:2)
  A warg (D:15)
  3 vampire mosquitoes (D:13)
  Edmund (D:6)
  Duvessa (D:6)
  3 acid dragons
  3 water moccasins
  2 ice beasts (D:7)
  A black bear (D:4)
  11 ogres
  15 orc warriors
  21 centaurs
  A lemure (D:8)
  3 kobold brigands
  2 bullfrogs
  2 necrophages (D:5)
  A gnoll sergeant (D:12)
  Blork the orc (D:5)
  A scorpion (D:5)
  5 small abominations (Abyss:2)
  5 wights (D:9)
  Dowan (D:6)
  5 killer bees (D:9)
  13 howler monkeys
  7 electric eels (D:10)
  A quasit (D:7)
  A crimson imp (D:4)
  6 orc priests
  A gnoll bouda (D:8)
  3 hounds
  2 jellies
  Jessica (D:3)
  3 iguanas
  Ijyb (D:3)
  15 orc wizards
  Robin (D:2)
  14 gnolls
  11 adders
  A river rat (Sewer)
  2 shadow imps (D:7)
  3 white imps
  3 ufetubi (D:7)
  2 worms (Sewer)
  3 dart slugs
  66 orcs
  5 bats
  9 endoplasms
  5 giant cockroaches
  10 hobgoblins
  5 quokkas
  10 ball pythons
  3 frilled lizards
  14 goblins
  19 kobolds
  7 rats
456 creatures vanquished.

Vanquished Creatures (others)
  A human (D:13)
  3 plants (D:10)
  6 withered plants (D:15)
10 creatures vanquished.

Grand Total: 466 creatures vanquished

Notes
Turn   | Place    | Note
-------+----------+-------------------------------------------
     0 | D:1      | LustLizard the Spriggan Hunter began the quest for the Orb.
     0 | D:1      | Reached XP level 1. HP: 10/10 MP: 2/2
   319 | D:1      | Reached XP level 2. HP: 14/14 MP: 3/3
   662 | D:1      | You fall into a shaft and drop 1 floor!
   662 | D:2      | Found a faded altar of an unknown god.
   754 | D:2      | Reached XP level 3. HP: 18/18 MP: 5/5
   866 | D:2      | Noticed Robin
   868 | D:2      | Reached skill level 1 in Spellcasting
   894 | D:2      | Killed Robin
  1830 | D:2      | Reached skill level 5 in Ranged Weapons
  1830 | D:2      | Reached XP level 4. HP: 22/22 MP: 7/7
  1978 | D:3      | Found a transporter.
  1990 | D:3      | Noticed Jessica
  2097 | D:3      | Noticed Ijyb
  2101 | D:3      | Found a transporter.
  2245 | D:3      | Killed Jessica
  2252 | D:3      | Learned a level 2 spell: Blink
  2288 | D:3      | Reached skill level 1 in Translocations
  2288 | D:3      | Reached XP level 5. HP: 16/25 MP: 5/9
  2369 | D:3      | Found a glowing drain.
  2431 | Sewer    | Entered a sewer
  2615 | Sewer    | Reached skill level 6 in Ranged Weapons
  2615 | Sewer    | Reached XP level 6. HP: 27/30 MP: 8/10
  2864 | D:3      | Paralysed by Ijyb for 2 turns
  2945 | D:3      | Paralysed by Ijyb for 3 turns
  2952 | D:3      | Killed Ijyb
  3152 | D:3      | Noticed Sigmund
  3166 | D:3      | Killed Sigmund
  3308 | D:3      | Reached skill level 7 in Ranged Weapons
  3574 | D:4      | Reached XP level 7. HP: 33/33 MP: 11/11
  4146 | D:4      | Reached skill level 5 in Dodging
  4186 | D:4      | Reached skill level 8 in Ranged Weapons
  4684 | D:5      | Entered Level 5 of the Dungeon
  4739 | D:5      | Found a staircase to the Ecumenical Temple.
  4746 | D:5      | Reached XP level 8. HP: 37/37 MP: 12/12
  4757 | Temple   | Entered the Ecumenical Temple
  5165 | D:5      | Noticed Blork the orc
  5179 | D:5      | Killed Blork the orc
  5180 | D:5      | Reached skill level 9 in Ranged Weapons
  5348 | D:5      | Noticed Prince Ribbit
  5357 | D:5      | Killed Prince Ribbit
  5485 | D:5      | Found a basalt altar of Yredelemnul.
  6193 | D:6      | Reached skill level 10 in Ranged Weapons
  6544 | D:6      | Noticed Duvessa
  6544 | D:6      | Noticed Dowan
  6779 | D:5      | Reached XP level 9. HP: 32/41 MP: 9/13
  6910 | D:6      | Found a shimmering altar of Xom.
  6974 | D:6      | Noticed Edmund
  7038 | D:6      | Killed Edmund
  7215 | D:6      | Killed Duvessa
  7231 | D:6      | Killed Dowan
  7593 | D:7      | Reached skill level 11 in Ranged Weapons
  7640 | D:7      | Identified the +1 robe of Kindness {Harm Rampage *Corrode
                  | Stlth-}
  8112 | D:7      | Found an ancient bone altar of Kikubaaqudgha.
  8208 | D:7      | Found a sparkling altar of Nemelex Xobeh.
  8275 | D:8      | Noticed Pikel
  8361 | D:8      | Killed Pikel
  8454 | D:8      | Found a staircase to the Lair.
  8467 | D:8      | Reached skill level 12 in Ranged Weapons
  8602 | D:8      | Found a flagged portal.
  8654 | Bailey   | Entered a bailey
  8700 | Bailey   | Reached skill level 10 in Dodging
  8897 | Bailey   | Reached XP level 10. HP: 37/46 MP: 11/14
 10115 | D:9      | Noticed a two-headed ogre
 10146 | D:9      | Found an opulent altar of Gozag.
 10158 | D:9      | Reached skill level 13 in Ranged Weapons
 10182 | Lair:1   | Entered Level 1 of the Lair of Beasts
 10781 | D:9      | Killed a two-headed ogre
 11060 | D:9      | Reached skill level 5 in Fighting
 11072 | D:9      | Reached XP level 11. HP: 55/55 MP: 15/15
 11501 | D:9      | Found a runed translucent door.
 11506 | D:9      | Noticed sigtrap's ghost (novice MiBe)
 11599 | D:10     | Entered Level 10 of the Dungeon
 11678 | D:10     | Found a radiant altar of Vehumet.
 11722 | D:10     | Noticed Joseph
 11743 | D:10     | Killed Joseph
 11744 | D:10     | Reached skill level 14 in Ranged Weapons
 12317 | D:10     | Noticed a boulder beetle
 12329 | D:10     | Killed a boulder beetle
 13330 | D:10     | Found a portal to a secret trove of treasure.
 13501 | D:10     | Found a broken altar of Ashenzari.
 13502 | D:10     | Found a glowing golden altar of the Shining One.
 13863 | D:10     | Found a shadowy altar of Dithmenos.
 13869 | D:10     | Became a worshipper of Dithmenos the Shadowed
 14049 | D:11     | Noticed a six-headed hydra
 14236 | D:11     | Killed a six-headed hydra
 14263 | D:11     | Found a staircase to the Orcish Mines.
 15550 | D:11     | Identified the +6 arbalest "Huqasch" {venom, Dex+2}
 15652 | D:12     | Reached skill level 15 in Ranged Weapons
 15702 | D:12     | Noticed Lodul
 15711 | D:12     | Noticed a sun demon
 15726 | D:11     | Reached skill level 1 in Invocations
 15775 | D:12     | Noticed Erolcha
 15781 | D:12     | Killed Erolcha
 15812 | D:12     | Reached * piety under Dithmenos
 15813 | D:12     | Reached XP level 12. HP: 64/64 MP: 16/16
 15891 | D:12     | Killed Lodul
 15957 | D:12     | Noticed Josephine
 16079 | D:12     | Killed Josephine
 16080 | D:12     | Reached skill level 16 in Ranged Weapons
 16185 | D:12     | Noticed a two-headed ogre
 16188 | D:12     | Killed a two-headed ogre
 16437 | D:13     | Reached ** piety under Dithmenos
 16476 | D:13     | Noticed a tengu warrior
 16497 | D:13     | Reached skill level 5 in Invocations
 16526 | D:13     | Noticed a two-headed ogre
 16563 | D:13     | Killed a two-headed ogre
 16613 | D:13     | Killed a tengu warrior
 16614 | D:13     | Reached skill level 10 in Fighting
 16731 | D:13     | Noticed a centaur warrior
 16873 | D:13     | Noticed a centaur warrior
 16875 | D:13     | Killed a centaur warrior
 16910 | D:13     | Killed a centaur warrior
 16911 | D:13     | Reached XP level 13. HP: 48/72 MP: 10/18
 16974 | D:13     | Identified the +1 sling "Gevinwee" {vorpal, Will+}
 17198 | D:13     | Reached skill level 17 in Ranged Weapons
 17362 | D:13     | Found a gate to the Vaults.
 17514 | D:14     | Found Itia's Jewellery Shop.
 17676 | D:14     | Reached *** piety under Dithmenos
 18118 | D:15     | Entered Level 15 of the Dungeon
 18118 | D:15     | Found a staircase to the Depths.
 18254 | D:15     | Found a runed translucent door.
 18346 | D:15     | Reached skill level 18 in Ranged Weapons
 18446 | D:15     | Noticed Louise
 18451 | Abyss:2  | Found a corrupted altar of Lugonu.
 18451 | Abyss:2  | Cast into level 2 of the Abyss (Louise)
 18569 | Abyss:2  | Noticed a lorocyproca
 18611 | Abyss:2  | Noticed a lorocyproca
 18626 | Abyss:2  | Reached **** piety under Dithmenos
 18630 | Abyss:2  | Killed a lorocyproca
 18642 | Abyss:2  | Gained mutation: You are clumsy. (Dex -2) [a neqoxec]
 18698 | Abyss:2  | Reached XP level 14. HP: 73/79 MP: 17/20
 18712 | Abyss:2  | Noticed a starcursed mass
 18730 | Abyss:2  | Noticed a tentacled starspawn
 18769 | Abyss:2  | Noticed a red draconian scorcher
 18770 | Abyss:2  | Reached skill level 5 in Stealth
 18781 | Abyss:2  | Noticed a tentacled starspawn
 18878 | Abyss:2  | Noticed a starcursed mass
 18889 | Abyss:2  | Noticed a tentacled starspawn
 18892 | Abyss:2  | Killed from afar by an eidolon

Illustrated notes

Levels and vault maps discovered:
D:1:      lemuel_arrival_behind_the_door_small, layout_loops_corners,
          minmay_hexomino_p4
D:2:      layout_basic, chequers_ecumenical_altar_simple_redux, nrook_campfire,
          grunt_decor_fettered, kennysheep_donut, uniq_robin
D:3:      gammafunk_wand_slinger, layout_loops_cross, gup_sewer_entry_bubbles,
          minmay_puff, uniq_sigmund, uniq_jessica, uniq_ijyb
D:4:      layout_loops_ring, minmay_fire_ice_demons
D:5:      layout_loops_ring, mainiacjoe_overflow_brackets,
          minmay_temple_entry_junction, hangedman_minor_gate_pass,
          uniq_prince_ribbit1, uniq_blork_the_orc
D:6:      layout_cave_pools, overflow_temple_1_default, uniq_edmund,
          uniq_duvessa
D:7:      layout_loops_ring, nemelex_diamond_rough_becter, kennysheep_mini,
          serial_demonic, serial_demonic_e, serial_demonic_a, serial_demonic_f,
          serial_demonic_a
D:8:      layout_gridville, lair_entry_dummy, enter_bailey_4, uniq_pikel
D:9:      layout_basic, mainiacjoe_overflow_concentric_impassable,
          ebering_ghost_reflecting_pool, minmay_misc_feat_chi
D:10:     cheibrodos_two_vegetables, layout_basic, fiery_altar_vehumet,
          mainiacjoe_overflow_alcove_2, gammafunk_temple_overflow_statue,
          enter_trove_1, uniq_joseph
D:11:     layout_gridville, orc_0_dummy
D:12:     layout_cave_pools, minmay_librarian, uniq_lodul, uniq_josephine,
          uniq_erolcha
D:13:     layout_rooms, ximxim_vaults_locker_room, roderic_serpentine_path
D:14:     layout_irregular_city, chequers_serial_rivers_micro_b, serial_shops,
          shop
D:15:     gammafunk_depths_entry_grave, layout_basic, columned_hall_lemuel,
          portal_ice_cave_entry_pillars_four, minmay_crystal_box, uniq_louise
Temple:   nicolae_temple_figure_eight
Lair:1:   layout_long_grid, uniq_amaemon
Abyss:2:  base: D:11, evilmike_abyss_exit_7

Skill      XL: |  1  2  3  4  5  6  7  8  9 10 11 12 13 14 |
---------------+-------------------------------------------+-----
Stealth        | 2 3 4 5 |  5.3
Spellcasting   | 1 2 |  2.0
Ranged Weapons | 5 6 7 8 10 12 13 15 16 18 | 18.4
Translocations | 1 2 3 |  3.0
Dodging        | 4 5 7 10 11 12 | 12.9
Fighting       | 5 7 10 11 | 11.9
Invocations    | 1 5 7 |  7.9

Action                   |  1- 3 |  4- 6 |  7- 9 | 10-12 | 13-15 || total
-------------------------+-------+-------+-------+-------+-------++-------
 Fire: Shortbow          |    82 |   199 |   592 |   784 |       ||  1657
       Arbalest          |       |       |       |   190 |   266 ||   456
  Use: Scroll            |     1 |     3 |    11 |    10 |       ||    25
       Potion            |       |       |       |     1 |       ||     1
Armor: Robe              |     4 |     6 |    12 |    10 |       ||    32
       Troll leather arm |       |       |       |     5 |     1 ||     6
Dodge: Dodged            |    23 |    41 |   244 |   322 |   110 ||   740
